[Event "ECo-C Extraliga 2023-24"]
[Site "Slovakia"]
[Date "2024.02.25"]
[Round "8"]
[White "Jurcik, Martin"]
[Black "Szucs, Vladimir"]
[Result "1/2-1/2"]
[ECO "D36"]
[WhiteElo "2359"]
[BlackElo "2067"]
[Annotator "TA"]
[PlyCount "72"]
[EventDate "2023.10.06"]
[EventType "team-tourn"]
[EventCountry "SVK"]
[SourceTitle "playchess.com"]
[Source "ChessBase"]
[SourceQuality "1"]
[TimeControl "40/5400+30:1800+30"]

1. c4 e6 2. Nc3 d5 3. d4 Nf6 4. cxd5 exd5 5. Bg5 c6 6. Qc2 Be7 7. e3 Nbd7 8. Nf3 Nh5 9. Bxe7 Qxe7 10. Bd3 Nf4 11. Bf1 Nf6 12. O-O-O Ne6 {[%emt 0:03:08] White has an edge.} 13. Kb1 g6 14. Bd3 O-O 15. h3 c5 16. dxc5 Nxc5 17. Nd4 Nxd3 18. Qxd3 Be6 19. g4 {[%emt 0:06:26] White is more active.} Ne4 $1 20. Rdf1 Nxc3+ 21. Qxc3 Rac8 22. Qb3 Rc4 23. f3 Rfc8 24. h4 b6 25. Qd3 Bd7 26. h5 g5 27. Rc1 Rxc1+ 28. Rxc1 Rxc1+ 29. Kxc1 $11 {[%emt 0:00:01][%mdl 4096] Endgame. KQB-KQN} Qb4 30. b3 a5 31. Kb2 Qe1 $2 (31... Kg7 $11 {and Black has nothing to worry.}) 32. Qc3 $2 ({Only move:} 32. Nc2 $18 Qg3 33. Qxd5) 32... Qf2+ {[%emt 0:01:39] The position is equal.} 33. Kb1 Qf1+ 34. Kb2 {[%emt 0:01:55] [#] And now Qc7 would win.} Qf2+ 35. Kb1 Qf1+ 36. Kb2 {[%emt 0:00:35] Threatens to win with Qc7.} Qf2+ {[%emt 0:00:05] Weighted Error Value: White=0.32/Black=0.30.  Loses game:     	---       	Black=1      Missed win:     	White=1     	---        Inaccurate:     	White=5     	Black=2      OK:         	White=5     	Black=12     Strong:       	---       	Black=1} 1/2-1/2

[Event "ECo-C Extraliga 2023-24"]
[Site "Slovakia"]
[Date "2024.02.25"]
[Round "8"]
[White "Chovan, Milan"]
[Black "Piesik, Piotr"]
[Result "1/2-1/2"]
[ECO "E36"]
[WhiteElo "2349"]
[BlackElo "2421"]
[Annotator "RC"]
[PlyCount "35"]
[EventDate "2023.10.06"]
[EventType "team-tourn"]
[EventCountry "SVK"]
[SourceTitle "playchess.com"]
[Source "ChessBase"]
[SourceQuality "1"]
[TimeControl "40/5400+30:1800+30"]

1. d4 Nf6 2. c4 e6 3. Nc3 Bb4 4. Qc2 d5 5. a3 Bxc3+ 6. Qxc3 O-O 7. Bg5 c5 8. dxc5 d4 9. Qc2 e5 10. Rd1 Re8 11. Nf3 Qa5+ 12. Nd2 Nbd7 13. g3 e4 14. b4 Qxa3 15. Qb3 Qa6 16. e3 d3 17. Bg2 Qe6 18. O-O 1/2-1/2

[Event "ECo-C Extraliga 2023-24"]
[Site "Slovakia"]
[Date "2024.02.25"]
[Round "8"]
[White "Beres, Tomas"]
[Black "Straka, Jozef"]
[Result "0-1"]
[ECO "C47"]
[WhiteElo "2128"]
[BlackElo "2272"]
[Annotator "TA"]
[PlyCount "60"]
[EventDate "2023.10.06"]
[EventType "team-tourn"]
[EventCountry "SVK"]
[SourceTitle "playchess.com"]
[Source "ChessBase"]
[SourceQuality "1"]
[TimeControl "40/5400+30:1800+30"]

1. e4 e5 2. Nf3 Nc6 3. Nc3 Nf6 4. d4 exd4 5. Nxd4 Bb4 6. Nxc6 bxc6 7. Bd3 O-O 8. O-O d5 9. exd5 Bg4 10. Ne2 cxd5 11. f3 {[%emt 0:08:53] Die Stellung ist ausgeglichen.} Bh5 12. Nf4 c6 13. Nxh5 Nxh5 14. g4 Nf6 15. c3 Bc5+ 16. Kh1 Qd6 17. Bg5 Rae8 18. Qc2 h6 19. Bh4 Be3 20. Qg2 Nd7 21. Rad1 Bf4 22. g5 (22. Bg3 $15) 22... Ne5 23. Bb1 (23. Rg1 $17 {ist wohl besser.}) 23... Nc4 $19 {[%emt 0:03:15] [#] Und jetzt ...Ne3 wäre schön.} 24. Qc2 $2 (24. Bf2) 24... g6 {[%emt 0:00:39] Zielt auf ...Ne3 ab. Aktives Gegenspiel!} (24... Bxg5 25. Qh7#) 25. Bf2 hxg5 ({Keinesfalls} 25... Bxg5 26. f4 Bxf4 (26... Qxf4 $2 27. Bc5 $19) 27. a4 $19) 26. Rfe1 Bxh2 27. b4 Bg3 28. Bc5 (28. Kg2 $142 Bxf2 29. Qxf2) 28... Qf4 29. Bxf8 Bxe1 (29... Rxe1+ $142 30. Rxe1 Nd2 31. Kg1 Nxf3+ (31... Bxe1 $2 32. Qxd2 Bxd2 33. Bc5 $19) 32. Kf1 Nd4+ (32... Nxe1+ {ist ein Selbstmatt.} 33. Ke2 Qg4+ 34. Kd2 Bf4+ 35. Kxe1 Qg1+ 36. Ke2 Qg2+ 37. Ke1 Bg3+ 38. Qf2 Qxf2+ 39. Kd1 Bf4 40. Bh6 Qd2#) 33. Kg2 Nxc2 34. Re2 Ne1+ (34... Kxf8 $2 35. Bxc2 Qg4 36. Rf2 $19) 35. Kg1 Nf3+ (35... Kxf8 36. Rb2 g4 37. b5 Nf3+ 38. Kf1 Qc1+ 39. Ke2 Qe1+ 40. Kd3 Qe4#) 36. Kh1 Qh4+ (36... Kxf8 {wird mattgesetzt.} 37. Bd3 Be1 38. Bc2 Qh4+ 39. Kg2 Qh2+ 40. Kxf3 Qh3#) 37. Kg2 g4 38. Kf1 Qh1#) 30. Bc5 Qxf3+ {[%emt 0:00:03] Gewichteter Fehlerwert: Weiß=0.99/Schwarz=0.22 (präzise) .  Fehler:       	Weiß=4     	---        Ungenau:       	Weiß=3     	Schwarz=2     OK:         	Weiß=4     	Schwarz=8     Bester:       	---       	Schwarz=2} 0-1

[Event "ECo-C Extraliga 2023-24"]
[Site "Slovakia"]
[Date "2024.02.25"]
[Round "8"]
[White "Krupa, Miroslav"]
[Black "Jurcik, Marian"]
[Result "0-1"]
[ECO "B44"]
[WhiteElo "2119"]
[BlackElo "2404"]
[Annotator "RC"]
[PlyCount "158"]
[EventDate "2023.10.06"]
[EventType "team-tourn"]
[EventCountry "SVK"]
[SourceTitle "playchess.com"]
[Source "ChessBase"]
[SourceQuality "1"]
[TimeControl "40/5400+30:1800+30"]

1. e4 c5 2. Nf3 e6 3. d4 cxd4 4. Nxd4 Nc6 5. Nb5 d6 6. c4 Nf6 7. N1c3 a6 8. Na3 Qa5 9. Bd2 Be7 10. Be2 O-O 11. O-O Qe5 12. Bd3 Nb4 13. Bb1 Bd7 14. Be3 Qa5 15. Qe2 Rfc8 16. Rd1 Be8 17. f4 Qh5 18. Qxh5 Nxh5 19. e5 dxe5 20. fxe5 Bc5 21. Kf2 Nf4 22. Be4 Rab8 23. Rd2 b6 24. Re1 Nc6 25. Bxc5 bxc5 26. b3 Kf8 27. g3 Nh3+ 28. Kf1 Ng5 29. Bg2 Nd4 30. Kf2 Bc6 31. Re3 f5 32. exf6 gxf6 33. h4 Nf7 34. Ne4 Bxe4 35. Bxe4 Ne5 36. Kg2 Ng4 37. Re1 f5 38. Bf3 h5 39. Nc2 Nxc2 40. Rxc2 Kf7 41. Bxg4 hxg4 42. Rd2 Rd8 43. Red1 Rxd2+ 44. Rxd2 Ke7 45. Kf2 a5 46. Ke3 a4 47. Rd3 axb3 48. Rxb3 Ra8 49. a3 Kf6 50. Kf4 Rd8 51. Ke3 Rd1 52. a4 Ra1 53. Rb5 Rxa4 54. Rxc5 Ra2 55. Rc8 Rg2 56. c5 Rxg3+ 57. Kf2 Rh3 58. c6 Ke7 59. c7 Kd7 60. Re8 Kxc7 61. Rxe6 Rxh4 62. Rf6 Rh5 63. Kg2 Kd7 64. Rg6 Ke7 65. Ra6 Rh3 66. Kf2 Rd3 67. Rb6 Rd6 68. Rb5 Kf6 69. Rb8 Ke5 70. Rb5+ Ke4 71. Rb4+ Rd4 72. Rb2 f4 73. Re2+ Kf5 74. Re8 Rd2+ 75. Kf1 g3 76. Kg1 Kg4 77. Ra8 Rb2 78. Rc8 Rb1+ 79. Kg2 f3# 0-1

[Event "ECo-C Extraliga 2023-24"]
[Site "Slovakia"]
[Date "2024.02.25"]
[Round "8"]
[White "Bulej, Matej"]
[Black "Blaho, Stefan"]
[Result "1-0"]
[ECO "D16"]
[WhiteElo "2013"]
[BlackElo "2039"]
[Annotator "NA"]
[PlyCount "115"]
[EventDate "2023.10.06"]
[EventType "team-tourn"]
[EventCountry "SVK"]
[SourceTitle "playchess.com"]
[Source "ChessBase"]
[SourceQuality "1"]
[TimeControl "40/5400+30:1800+30"]

1. d4 d5 2. Nf3 c6 3. c4 Nf6 4. Nc3 dxc4 5. a4 Be6 6. e4 Na6 7. Ne5 g6 8. Bxc4 Bxc4 9. Nxc4 Bg7 10. Be3 O-O 11. O-O Ne8 12. Qb3 b6 13. Rfd1 Nec7 14. Rd2 Qc8 15. Rad1 Ne6 16. Ne2 Rd8 17. Rc1 Qd7 18. Qa3 Qe8 19. b4 Rac8 20. d5 cxd5 21. exd5 Nf8 22. Qb3 Nd7 23. Nd4 Bxd4 24. Bxd4 Rc7 25. Rdc2 Rdc8 26. g3 Qf8 27. Kg2 h5 28. Be3 Nf6 29. Bf4 Nxd5 30. Bxc7 Rxc7 31. b5 Nc5 32. Qa3 Qa8 33. Qf3 Nd3 34. Kh1 Qb7 35. Rd1 N3b4 36. Ne5 e6 37. Rxc7 Qxc7 38. Nd3 Na2 39. Nf4 Nac3 40. Rc1 Qe5 41. Nxd5 Nxd5 42. Kg1 Kg7 43. h4 Qd4 44. Qa3 Qe4 45. Rc8 Kf6 46. Rd8 Kf5 47. Rd7 f6 48. Rxa7 Qe1+ 49. Kg2 Nc3 50. Qb4 e5 51. Rc7 Qe4+ 52. Qxe4+ Nxe4 53. Rc6 Nc5 54. Rxc5 bxc5 55. b6 c4 56. b7 c3 57. b8=Q c2 58. Qb2 1-0

[Event "ECo-C Extraliga 2023-24"]
[Site "Slovakia"]
[Date "2024.02.25"]
[Round "8.1"]
[White "Sahidi, Samir"]
[Black "Babula, Vlastimil"]
[Result "0-1"]
[ECO "B48"]
[WhiteElo "2478"]
[BlackElo "2535"]
[Annotator "ChessBase"]
[PlyCount "94"]
[EventDate "2023.10.06"]
[EventType "team-tourn"]
[EventCountry "SVK"]
[SourceTitle "playchess.com"]
[Source "ChessBase"]
[SourceQuality "1"]
[TimeControl "40/5400+30:1800+30"]

1. e4 c5 2. Nf3 e6 3. d4 cxd4 4. Nxd4 Nc6 5. Nc3 Qc7 6. Be3 a6 7. a3 b5 8. Nxc6 Qxc6 9. Qd4 Bb7 10. Be2 Rc8 11. f4 Nf6 12. Bf3 Bc5 13. Qd3 Bxe3 14. Qxe3 Qc5 15. Qxc5 Rxc5 16. Kd2 Ke7 17. e5 Nd5 18. Ne2 Rd8 19. Nd4 d6 20. exd6+ Rxd6 21. c3 Rd7 22. Rhf1 a5 23. Bxd5 Rcxd5 24. g3 g5 25. Rae1 gxf4 26. gxf4 Rh5 27. Rf2 b4 28. Re5 bxc3+ 29. bxc3 Rd5 30. Re3 Kf6 31. Kc2 Rh4 32. Kb3 Rdh5 33. Ree2 Rh3 34. Kb2 Rc5 35. Rc2 Be4 36. Rce2 Bd5 37. Rc2 Ke7 38. Rc1 Rc8 39. Re2 Kd6 40. Rd2 Rb8+ 41. Kc2 Kc5 42. a4 Be4+ 43. Kd1 Rg8 44. Re2 Rg1+ 45. Kd2 Rd3+ 46. Kc2 Rxc1+ 47. Kxc1 Rxc3+ 0-1

[Event "ECo-C Extraliga 2023-24"]
[Site "Slovakia"]
[Date "2024.02.25"]
[Round "8.1"]
[White "Nemeth, Miklos"]
[Black "Jablonicky, Martin"]
[Result "0-1"]
[ECO "B62"]
[WhiteElo "2440"]
[BlackElo "2377"]
[Annotator "TA"]
[PlyCount "104"]
[EventDate "2023.10.06"]
[EventType "team-tourn"]
[EventCountry "SVK"]
[SourceTitle "playchess.com"]
[Source "ChessBase"]
[SourceQuality "1"]
[TimeControl "40/5400+30:1800+30"]

1. e4 c5 2. Nf3 Nc6 3. d4 cxd4 4. Nxd4 Nf6 5. Nc3 d6 6. Bg5 e6 7. Bb5 Bd7 8. Qd3 {[%emt 0:01:37] is recently more successful than 8.Bxc6. B62: Sicilian: Richter-Rauzer: 6...e6: Unusual White 7th moves.} h6 9. Bh4 Ne5 10. Qe2 g5 {[%emt 0:09:41] [#]} 11. f4 $146 (11. Bg3 $1 $11 {remains equal.}) ({Predecessor:} 11. Bg3 a6 12. Bxd7+ Nfxd7 13. h4 Rg8 14. hxg5 hxg5 15. O-O-O Qc7 16. Rh7 O-O-O 17. Rdh1 {1-0 Proudian,A (2418)-Leitao,R (2592) Titled Tuesday intern op 17th May Late blitz 2022 (7)}) 11... gxf4 ({Black should try} 11... gxh4 $17 12. fxe5 dxe5) 12. O-O-O Be7 13. Nf3 a6 14. Nxe5 axb5 15. Nxd7 Nxd7 16. Bxe7 Kxe7 17. Rd4 Qb6 18. Rhd1 Ne5 19. Rxd6 {[%emt 0:01:53] [#]} (19. a3 $1 $14 {stays ahead.}) 19... Qe3+ $2 (19... Qc5 $1 $17 {...b4 would now be deadly.} 20. Kb1 b4) 20. Qxe3 $16 fxe3 21. Rb6 $1 (21. Nxb5 $2 Rxa2 22. Kb1 Rha8 $19) 21... Rab8 22. Rxb5 Ng4 23. Re1 Nxh2 24. Rxe3 Rhg8 25. Re2 Nf1 26. a4 Ng3 (26... b6 $16 27. b3 f6) 27. Rf2 Rg4 (27... b6 $16 {might work better.} 28. Kb1 Rg4) 28. e5 $18 Nf5 29. a5 Nd4 (29... Rd4 $142 30. Rb6 (30. a6 b6 $11) 30... Ne3) 30. Rb6 Nc6 31. Rb5 (31. a6 $16) 31... Rb4 32. Rc5 Ra8 33. Nb5 (33. Rf6 $11) 33... Rxa5 $17 34. c4 Raa4 ({Better is} 34... Rb3 $17 {aiming for ...Ra1+.} 35. Kb1 Re3) 35. Na3 {[%emt 0:03:22] [#]} (35. Kb1 $11 {keeps the balance.}) 35... Rb3 $1 $17 36. Re2 Kd7 ({Black should play} 36... Kf8 $17 37. Kd1 Rg3) 37. Rd2+ (37. Rf2 $1 $15) 37... Ke7 38. Re2 $1 Ra8 39. Nb5 $2 (39. Rb5 $17 {keeps fighting.} Nd4 40. Rxb3 Nxb3+ (40... Nxe2+ $2 {loses.} 41. Kd2 $18) 41. Kb1) 39... Ra1+ $19 40. Kc2 Rg3 41. Rf2 (41. Kd2 {was the only chance.}) 41... Rg1 (41... h5 $142 42. Rxc6 bxc6) 42. b3 $2 (42. Kd2 {is tougher.}) 42... R1xg2 $19 43. Rxg2 Rxg2+ 44. Kd3 h5 45. Nd6 h4 46. Rb5 Nxe5+ 47. Rxe5 Kxd6 (47... Rg3+ 48. Kc2 Kxd6 49. Rb5) 48. Rh5 Rg3+ 49. Kd4 Rxb3 50. Rxh4 e5+ 51. Ke4 Ke6 52. Rh6+ f6 0-1

[Event "ECo-C Extraliga 2023-24"]
[Site "Slovakia"]
[Date "2024.02.25"]
[Round "8.1"]
[White "Kostolansky, Sebastian Lukas"]
[Black "Saric, Ivan"]
[Result "1/2-1/2"]
[ECO "B50"]
[WhiteElo "2413"]
[BlackElo "2689"]
[Annotator "TA"]
[PlyCount "87"]
[EventDate "2023.10.06"]
[EventType "team-tourn"]
[EventCountry "SVK"]
[SourceTitle "playchess.com"]
[Source "ChessBase"]
[SourceQuality "1"]
[TimeControl "40/5400+30:1800+30"]

1. e4 c5 2. Nf3 d6 3. Bb5+ Nd7 4. O-O a6 5. Bd3 Ngf6 6. Re1 g6 7. Bf1 Bg7 8. c3 O-O 9. d4 e5 10. dxe5 Nxe5 11. Nxe5 dxe5 {[%emt 0:00:07] White is slightly better.} 12. Qxd8 Rxd8 13. a4 Be6 14. Nd2 ({White should play} 14. Na3 $14) 14... Bh6 $11 {[%emt 0:03:58] The position is equal.} 15. Nf3 Bxc1 16. Raxc1 Nd7 17. a5 f6 18. Nd2 b5 {[%emt 0:04:27] White should prevent ...c4.} 19. axb6 Nxb6 20. Red1 c4 21. Be2 Kf7 22. g3 Ke7 23. Ra1 a5 24. f4 a4 25. fxe5 fxe5 26. Kf2 Ra5 27. Ke3 h5 28. Nb1 (28. Rf1 {seems wilder.} Rd6 29. Ra2 Bg4 30. Rf2) 28... Rh8 29. h4 Raa8 30. Na3 Rhc8 31. Nc2 Rd8 32. Nb4 Rxd1 33. Bxd1 Kd6 34. Nc2 Bd7 35. Be2 Rf8 36. Rd1+ Kc5 37. Nb4 Bg4 38. Nd5 Bxe2 39. Kxe2 {[%emt 0:00:03] KRN-KRN} Rb8 40. Nb4 Ra8 {[%emt 0:00:35] Wards off Na6+} 41. Nc2 Rf8 42. Nb4 Ra8 43. Nc2 Rf8 44. Nb4 {[%emt 0:00:11] Weighted Error Value: White=0.03 (flawless) /Black=0.03 (flawless) .  Mistake:       	White=1     	---        Inaccurate:     	---       	Black=1      OK:         	White=9     	Black=19} 1/2-1/2

[Event "ECo-C Extraliga 2023-24"]
[Site "Slovakia"]
[Date "2024.02.25"]
[Round "8.1"]
[White "Karacsonyi, Gellert"]
[Black "Ponizil, Cyril"]
[Result "1/2-1/2"]
[ECO "B11"]
[WhiteElo "2398"]
[BlackElo "2467"]
[Annotator "RC"]
[PlyCount "55"]
[EventDate "2023.10.06"]
[EventType "team-tourn"]
[EventCountry "SVK"]
[SourceTitle "playchess.com"]
[Source "ChessBase"]
[SourceQuality "1"]
[TimeControl "40/5400+30:1800+30"]

1. e4 c6 2. Nf3 d5 3. Nc3 Bg4 4. h3 Bxf3 5. Qxf3 e6 6. d4 Nd7 7. Be2 dxe4 8. Nxe4 Ngf6 9. O-O Nxe4 10. Qxe4 Nf6 11. Qd3 Be7 12. Rd1 O-O 13. c3 a5 14. a4 h6 15. c4 Qb6 16. Be3 Rfd8 17. Bf3 Qc7 18. Qb3 Rd7 19. g3 Bb4 20. Rac1 Qd8 21. Kg2 Qe7 22. Rd3 Rad8 23. Rcd1 e5 24. dxe5 Qxe5 25. Rxd7 Rxd7 26. Rxd7 Nxd7 27. Qd1 Nf8 28. Qd4 1/2-1/2

[Event "ECo-C Extraliga 2023-24"]
[Site "Slovakia"]
[Date "2024.02.25"]
[Round "8.1"]
[White "Turcan, Richard"]
[Black "Haring, Filip"]
[Result "0-1"]
[ECO "B12"]
[WhiteElo "2393"]
[BlackElo "2432"]
[Annotator "TA"]
[PlyCount "70"]
[EventDate "2023.10.06"]
[EventType "team-tourn"]
[EventCountry "SVK"]
[SourceTitle "playchess.com"]
[Source "ChessBase"]
[SourceQuality "1"]
[TimeControl "40/5400+30:1800+30"]

1. e4 c6 2. d4 d5 3. e5 Bf5 4. h4 h5 5. c4 e6 6. Nc3 dxc4 7. Bxc4 Nd7 8. Nge2 Be7 9. g3 b5 10. Bb3 b4 {[%emt 0:00:08] The position is equal.} 11. Na4 Nh6 12. Bf4 Be4 13. Rf1 Nf5 14. f3 Bd5 15. Bxd5 cxd5 16. Qd2 O-O 17. Bg5 (17. Kf2 $11) 17... f6 $17 18. exf6 Bxf6 19. f4 Qa5 20. b3 Nd6 21. Bxf6 Nxf6 ({Much worse is} 21... gxf6 $6 22. Qc2 Ne4 23. Qc6 $11) 22. O-O-O {[%emt 0:04:16] [#]} Nc4 $1 23. bxc4 {[%emt 0:02:31] Strongly threatening Qc2.} Qxa4 24. c5 Ne4 $36 {[%emt 0:00:50][%mdl 2048] Black has strong initiative.} 25. Qb2 Rab8 {[%emt 0:03:04] Black has more active pieces.} 26. Rf3 Rfc8 ({Black should try} 26... a5 27. Qc2 Qc6) 27. Qb3 (27. Rdd3 $142) 27... Qa6 28. Re3 {[%emt 0:00:46][%cal Of4f5] [#]} Kh8 (28... Rb5 $1 $17 {[%cal Rb5c5] ...Rbxc5+! is the strong threat.} 29. Rxe4 dxe4) 29. Re1 {[%emt 0:01:33] [#]} (29. Kb2 $15) 29... Rb5 $1 {[%emt 0:01:22] White must now prevent ...Ra5.} 30. Kb2 $2 (30. Kd1) 30... Nd2 $19 31. Qd3 Nc4+ 32. Kb1 b3 (32... Nxe3 $2 33. Qxe3 b3 34. axb3 $19) 33. a4 Qxa4 {[%emt 0:01:51] Black mates.} 34. Nc3 Qa3 35. Qe2 Ra5 {[%emt 0:00:33] Weighted Error Value: White=0.48/Black=0.12 (very precise) .  Mistake:       	White=4     	Black=2      Inaccurate:     	White=2     	---        OK:         	White=11    	Black=8      Best:        	---       	Black=2      Strong:       	---       	Black=1} 0-1

[Event "ECo-C Extraliga 2023-24"]
[Site "Slovakia"]
[Date "2024.02.25"]
[Round "8.2"]
[White "Laurusas, Tomas"]
[Black "Ftacnik, Lubomir"]
[Result "1/2-1/2"]
[ECO "D85"]
[WhiteElo "2590"]
[BlackElo "2438"]
[Annotator "TA"]
[PlyCount "124"]
[EventDate "2023.10.06"]
[EventType "team-tourn"]
[EventCountry "SVK"]
[SourceTitle "playchess.com"]
[Source "ChessBase"]
[SourceQuality "1"]
[TimeControl "40/5400+30:1800+30"]

1. d4 Nf6 2. c4 g6 3. Nc3 d5 4. cxd5 Nxd5 5. e4 Nxc3 6. bxc3 Bg7 7. Qa4+ Nd7 8. Bg5 {[%emt 0:04:23] D85: Exchange Grünfeld: Unusual White 7th moves and lines with 7 Nf3.} O-O 9. Rd1 c5 10. Qa3 Qc7 11. Nf3 b6 12. Bd3 e5 $146 ({Predecessor:} 12... Bb7 13. O-O e6 14. Rfe1 a6 15. e5 Rfc8 16. Nd2 {½-½ Groth,K (2389)-Yloenen,O (2444) EU-ch69 sf07 email 2012}) 13. d5 Nf6 14. c4 Ne8 15. Nd2 Nd6 16. O-O Bd7 17. Qb3 f6 18. Bh4 Bh6 19. Rfe1 Qc8 20. Nb1 b5 21. cxb5 c4 22. Qb4 Qc7 23. Bf1 Bxb5 24. f3 Rab8 25. Bf2 (25. Qa3 $11) 25... Rfc8 $1 $17 26. Nc3 (26. Be3 $17 a5 27. Qd2 Bxe3+ 28. Rxe3) 26... Bf8 $1 $19 27. Nxb5 Nxb5 28. Qd2 (28. d6 $142 Bxd6 (28... Nxd6 $2 29. Qa4 $19) 29. Qa4) 28... Nd4 $19 29. Rc1 Bb4 30. Qd1 (30. Qe3 $142 Bxe1 31. Bxe1) 30... Bxe1 31. Bxe1 Qb6 $1 32. Kh1 Qa6 33. f4 Qxa2 34. fxe5 fxe5 35. Bg3 $2 (35. d6 c3 36. Bxc3) 35... c3 $19 36. Bxe5 Qd2 $1 (36... Nb3 37. Bxb8 Nxc1 38. Qg4 $11) 37. Bxd4 Qxd1 38. Rxd1 c2 39. Rc1 Rb1 40. Be3 Rxc1 41. Bxc1 Rb8 42. Kg1 Rb1 43. Bg5 a5 44. Kf2 a4 $2 (44... c1=B $2 45. Bd8 $17) (44... Kf7 $19 {is more deadly. White must now prevent ...a4.} 45. e5 c1=Q (45... c1=B $2 46. e6+ Ke8 47. Bf6 $19) 46. Bxc1 Rxc1) 45. d6 $17 c1=Q (45... c1=B $6 46. Bf6 Bb2 47. Bc4+ Kf8 48. Be7+ Ke8 (48... Kg7 $2 49. d7 $18) 49. Bb5+ Kf7 50. Bc4+ (50. Bxa4 Be5 $17) 50... Ke8 (50... Kg7 $2 51. d7 $18) 51. Bb5+ Kf7 52. Bc4+ (52. Bxa4 Be5 $17) 52... Ke8 $11 (52... Kg7 $2 53. d7 $18)) 46. Bxc1 Rxc1 47. Bb5 a3 48. d7 Rd1 49. Ba4 Rd4 50. Ke3 {[%emt 0:00:00] [#]} a2 $1 ({Stronger than} 50... Rxa4 51. d8=Q+ (51. d8=B $2 {perishes.} Kf7 $19) 51... Kg7 52. Qd7+ Kf8 53. Qxa4 Ke7 54. Qxa3+ Kf7 55. e5) 51. Bb3+ {[%emt 0:00:00] [#]} Kf8 (51... Kg7 $142 $1 52. Bd5 a1=Q (52... a1=B $2 {is the wrong capture.} 53. d8=Q $18)) 52. Bxa2 $17 Rxd7 53. h4 Ke7 54. Bd5 Kf6 55. Kf4 h6 56. g3 Ra7 57. Bc6 Ra1 58. Be8 (58. e5+ $15 Ke6 59. Be8) 58... Rf1+ $17 59. Ke3 g5 60. hxg5+ hxg5 61. Ke2 Ra1 62. Kf3 Ra3+ 1/2-1/2

[Event "ECo-C Extraliga 2023-24"]
[Site "Slovakia"]
[Date "2024.02.25"]
[Round "8.2"]
[White "Simacek, Pavel"]
[Black "Mihok, Oliver"]
[Result "1/2-1/2"]
[ECO "E81"]
[WhiteElo "2456"]
[BlackElo "2535"]
[Annotator "TA"]
[PlyCount "29"]
[EventDate "2023.10.06"]
[EventType "team-tourn"]
[EventCountry "SVK"]
[SourceTitle "playchess.com"]
[Source "ChessBase"]
[SourceQuality "1"]
[TimeControl "40/5400+30:1800+30"]

1. d4 Nf6 2. c4 g6 3. Nc3 Bg7 4. e4 d6 5. f3 O-O 6. Be3 a6 7. Qd2 c5 8. dxc5 dxc5 9. Qxd8 Rxd8 10. Bxc5 Nc6 11. Bb6 Rd6 12. Bc5 {[%emt 0:00:06] Wards off Nb4} Rd8 13. Bb6 Rd6 14. Bc5 {[%emt 0:00:18] Inhibits Nb4.} Rd8 15. Bb6 {Weighted Error Value: White=0.20 (precise) /Black=0.00 (flawless) .  Inaccurate:     	White=3     	---        OK:         	White=4     	Black=5} 1/2-1/2

[Event "ECo-C Extraliga 2023-24"]
[Site "Slovakia"]
[Date "2024.02.25"]
[Round "8.2"]
[White "Cernousek, Lukas"]
[Black "Jakab, Bela"]
[Result "0-1"]
[ECO "C18"]
[WhiteElo "2447"]
[BlackElo "2346"]
[Annotator "TA"]
[PlyCount "34"]
[EventDate "2023.10.06"]
[EventType "team-tourn"]
[EventCountry "SVK"]
[SourceTitle "playchess.com"]
[Source "ChessBase"]
[SourceQuality "1"]
[TimeControl "40/5400+30:1800+30"]

1. e4 e6 2. d4 d5 3. Nc3 Bb4 4. e5 Ne7 5. a3 Bxc3+ 6. bxc3 c5 7. Qg4 cxd4 8. Qxg7 Rg8 9. Qxh7 Qc7 10. Ne2 Nbc6 11. f4 dxc3 12. Qd3 d4 13. Nxd4 Nxd4 14. Qxd4 Bd7 15. Rg1 Nf5 16. Qf2 Qc6 $1 17. Be3 $2 {[%emt 0:00:10][%mdl 8192] [#]} (17. Bd3 $14 {stays ahead.}) 17... Qe4 {[%emt 0:06:20] Weighted Error Value: White=1.56/Black=0.00 (flawless) .  Loses game:     	White=1     	---        OK:         	White=1     	---        Best:        	---       	Black=1      Strong:       	---       	Black=1} 0-1